 Dungeon Crawl Stone Soup version 0.19-a0-1210-g5c1aa26 (webtiles) character file.

35 Rhoefr the Charmwright (level 3, 23/24 HPs)
             Began as a High Elf Skald on Aug 15, 2016.
             Quit the game on level 2 of the Dungeon on Aug 22, 2016.
             The game lasted 00:05:14 (745 turns).

Rhoefr the Charmwright (High Elf Skald)              Turns: 745, Time: 00:05:15

Health: 23/24      AC:  3    Str: 11    XL:     3   Next: 17%
Magic:  7/7        EV: 11    Int: 16    God:
Gold:   66         SH:  0    Dex: 15    Spells: 2 memorised, 4 levels left

rFire  . . .     SeeInvis .     j - +2 dagger (speed)
rCold  . . .     Gourm    .     b - +0 leather armour
rNeg   . . .     Faith    .     (no shield)
rPois  .         Spirit   .     (no helmet)
rElec  .         Dismiss  .     (no cloak)
rCorr  .         Reflect  .     (no gloves)
MR     .....     Harm     .     (no boots)
Stlth  ++........               (no amulet)
                                (no ring)
                                (no ring)

@: no status effects
A: no striking features
a: no special abilities


You were on level 2 of the Dungeon.
You were not hungry.

You visited 1 branch of the dungeon, and saw 2 of its levels.

You collected 66 gold pieces.

Inventory:

Hand Weapons
 a - a +0 falchion
 j - a +2 dagger of speed (weapon)
Missiles
 n - 3 tomahawks (quivered)
Armour
 b - a +0 leather armour (worn)
Scrolls
 e - a scroll of remove curse {unknown}
 f - a scroll of immolation {unknown}
 g - 2 scrolls of enchant weapon {unknown}
 i - a scroll of enchant armour {unknown}
Potions
 l - a potion of cancellation {unknown}
 m - a potion of lignification {unknown}
Books
 c - a book of Battle

   Spells                             Type                      Level
   a - Infusion                       Charms                       1
   b - Shroud of Golubria             Charms/Translocation         2
   c - Song of Slaying                Charms                       2
   d - Spectral Weapon                Hexes/Charms                 3
   e - Regeneration                   Charms/Necromancy            3
Comestibles
 d - 2 bread rations
 h - 2 chunks of flesh
 k - 2 fruits


   Skills:
 - Level 2.0 Fighting
 + Level 3.0 Long Blades
 - Level 0.8 Armour
 - Level 1.1 Dodging
 + Level 2.2 Stealth
 - Level 2.5 Spellcasting
 + Level 4.1 Charms


You had 4 spell levels left.
You knew the following spells:

 Your Spells              Type           Power        Failure   Level  Hunger
a - Infusion              Chrm           ###.         6%          1    #......
b - Shroud of Golubria    Chrm/Tloc      #.........   17%         2    ##.....


Dungeon Overview and Level Annotations

Branches:
Dungeon (2/15)

Altars:


Message History

Increase (S)trength, (I)ntelligence, or (D)exterity?
You feel clever.
You feel agile.
You see here an adder corpse.
You butcher the adder corpse.
h - 2 chunks of flesh Memorise Shroud of Golubria, consuming 2 spell levels and leaving 4?
You start memorising the spell.
You continue memorising. x2
You finish memorising.
Spell assigned to 'b'.
You start resting.
An adder comes into view.
You start resting.
Your magical infusion is running out.
You start resting.
You are no longer magically infusing your attacks.
You start resting.
Magic restored.
Saving game... please wait.
Welcome back, Rhoefr the High Elf Skald.
Press ? for a list of commands and other information.
Are you sure you want to abandon this character and quit the game? (Confirm with "yes".)

#......#.......#
##.....#.....[.#
..#....?.#.......#
........##.......#
......!..........#
.....#####.......#
..#.# #.......# #
#.# #.......# .#
#@...<..# . .#
#########
...#####.######
#.....>......#
#.....<.......
#.........S....
#........S.....
#..............
#..............


There were no monsters in sight!

Vanquished Creatures
  2 adders (D:2)
  2 dart slugs (D:1)
  2 goblins (D:1)
  2 hobgoblins (D:1)
  3 jackals (D:1)
  A bat (D:1)
  A rat (D:1)
13 creatures vanquished.

Notes
Turn   | Place    | Note
-------+----------+-------------------------------------------
     0 | D:1      | Rhoefr the High Elf Skald began the quest for the Orb.
     0 | D:1      | Reached XP level 1. HP: 14/14 MP: 4/4
    75 | D:1      | Reached skill level 1 in Stealth
   259 | D:1      | Reached XP level 2. HP: 18/19 MP: 6/6
   530 | D:2      | Reached skill level 4 in Charms
   707 | D:2      | Reached XP level 3. HP: 20/24 MP: 3/7
   714 | D:2      | Learned a level 2 spell: Shroud of Golubria
   745 | D:2      | Upgraded the game from 0.19-a0-1168-g98094fc to 0.19-a0-1210-g5c1aa26
   745 | D:2      | Quit the game

Vault maps used:
D:1:      sevenhm_arrival_forest_fort_small_3

Skill      XL: |  1  2 |
---------------+-------+-----
Stealth        | 1 2 |  2.2
Charms         | 4 |  4.1
Long Blades    | 3 |  3.0
Fighting       | |  2.0
Armour         | |  0.8
Dodging        | |  1.1
Spellcasting   | |  2.5

Action                   || total
-------------------------++-------
Melee: Falchion          ||    30
       Dagger            ||    18
 Cast: Infusion          ||     3
Armor: Leather armour    ||    11
Dodge: Dodged            ||    20
